NYP
LOS ANGELES (NYP) DODGERS @ BOISE HAWKS
08/28/2044
 
TOP OF THE 1ST
Los Angeles (NYP) Dodgers batting - Pitching for Boise Hawks : LHP John Mandarino
Pitching: LHP John Mandarino
Batting: RHB Mario Mejia 0-0: DOUBLE (Line Drive, 89XD, EV 109.4 MPH)
Batting: RHB Leo Cuellar 0-0: Ball
1-0: Called Strike
1-1: Ground out 6-3 (Groundball, 6, EV 83.8 MPH)
Mario Mejia to third
Batting: SHB Chris Ackerson 0-0: Foul Ball, location: 2F
0-1: Swinging Strike
0-2: Strikes out swinging
Batting: LHB Kippy McGrath 0-0: Foul Ball, location: 2F
0-1: SINGLE (Groundball, 34D, EV 94.4 MPH)
Mario Mejia scores
Batting: RHB Eddie Perry 0-0: Ball
Kippy McGrath steals 2nd base
1-0: Foul Ball, location: 2F
1-1: Foul Ball, location: 2F
1-2: Foul Ball, location: 2F
1-2: Ball
2-2: Strikes out swinging
Top of the 1st over - 1 run, 2 hits, 0 errors, 1 left on base; Los Angeles (NYP) 1 - Boise 0
BOTTOM OF THE 1ST
Boise Hawks batting - Pitching for Los Angeles (NYP) Dodgers : LHP Justin Pirie
Pitching: LHP Justin Pirie
Batting: LHB Greg Valenzuela 0-0: Ball
1-0: Fly out, F8 (Flyball, 78D, EV 95.0 MPH)
Batting: LHB Glenn Lowther 0-0: SINGLE (Line Drive, 9LS, EV 90.6 MPH)
Batting: RHB Henry Alvizo 0-0: Ball
Glenn Lowther steals 2nd base
1-0: Called Strike
1-1: Called Strike
1-2: SINGLE (Groundball, 56D, EV 103.1 MPH)
Glenn Lowther to third
Runner from 3rd tries for Home, SAFE, throw by LF to home
Batting: LHB Bill McGregor 0-0: Called Strike
Henry Alvizo steals 2nd base
0-1: Foul Ball, location: 2F
0-2: Foul Ball, location: 2F
0-2: Foul Ball, location: 2F
0-2: Ball
1-2: Ball
Passed Ball!
Henry Alvizo to third
2-2: Ball
3-2: SINGLE (Flyball, 8LS, EV 88.1 MPH)
Henry Alvizo scores
Batting: RHB Ryan Rinaldi 0-0: Ball
Bill McGregor steals 2nd base
1-0: Ball
2-0: Ball
Passed Ball!
Bill McGregor to third
3-0: Base on Balls
Batting: RHB Eric Delgado 0-0: Ball
Ryan Rinaldi steals 2nd base
1-0: Ball
2-0: Ball
3-0: Base on Balls
Batting: SHB Jamie Locke 0-0: Ball
1-0: Ball
2-0: SINGLE (Groundball, 56D, EV 101.9 MPH)
Bill McGregor scores
Ryan Rinaldi to third
Eric Delgado to second
Batting: LHB Zane Kelton 0-0: Ball
Passed Ball!
Ryan Rinaldi scores
Eric Delgado to third
Jamie Locke to second
1-0: Ball
Wild Pitch!
Eric Delgado scores
Jamie Locke to third
2-0: Foul Ball, location: 2F
2-1: Ball
3-1: Base on Balls
Batting: RHB Matt Cone 0-0: Called Strike
0-1: Called Strike
0-2: Hit by Pitch
Zane Kelton to second
Batting: LHB Greg Valenzuela 0-0: Swinging Strike
0-1: Ball
1-1: Foul Ball, location: 2F
1-2: Ball
2-2: Ball
3-2: Foul Ball, location: 2F
3-2: Base on Balls
Jamie Locke scores
Zane Kelton to third
Matt Cone to second
Pitching: RHP Willie Alvarado
Batting: LHB Glenn Lowther 0-0: Fielders Choice at 2nd, 6-4 (Groundball, 6, EV 101.3 MPH)
Zane Kelton scores
Matt Cone to third
Batting: RHB Henry Alvizo 0-0: Ball
1-0: Ground out 5-3 (Groundball, 56S, EV 86.3 MPH)
Bottom of the 1st over - 7 runs, 4 hits, 0 errors, 2 left on base; Los Angeles (NYP) 1 - Boise 7
TOP OF THE 2ND
Los Angeles (NYP) Dodgers batting - Pitching for Boise Hawks : LHP John Mandarino
Batting: LHB Bobby Gambrell 0-0: Swinging Strike
0-1: Foul Ball, location: 2F
0-2: Strikes out looking
Batting: LHB Fernando Amaya 0-0: Foul Ball, location: 2F
0-1: Ball
1-1: Ground out 4-3 (Groundball, 4, EV 81.3 MPH)
Batting: LHB Stephen Van Raalte 0-0: Ball
1-0: Called Strike
1-1: Foul Ball, location: 2F
1-2: Ball
2-2: Ball
3-2: SINGLE (Groundball, 34D, EV 99.4 MPH)
Batting: RHB Jonathan Quijada 0-0: Fielders Choice at 2nd, 6-4 (Groundball, 6, EV 90.6 MPH)
Top of the 2nd over - 0 runs, 1 hit, 0 errors, 1 left on base; Los Angeles (NYP) 1 - Boise 7
BOTTOM OF THE 2ND
Boise Hawks batting - Pitching for Los Angeles (NYP) Dodgers : RHP Willie Alvarado
Batting: LHB Bill McGregor 0-0: Ball
1-0: Swinging Strike
1-1: Swinging Strike
1-2: Fly out, F7 (Flyball, 7, EV 86.3 MPH)
Batting: RHB Ryan Rinaldi 0-0: Fly out, F9 (Flyball, 89D, EV 93.8 MPH)
Batting: RHB Eric Delgado 0-0: Ball
1-0: Called Strike
1-1: Ball
2-1: Swinging Strike
2-2: Ball
3-2: Foul Ball, location: 2F
3-2: Base on Balls
Batting: SHB Jamie Locke 0-0: Ball
Eric Delgado steals 2nd base
1-0: Ball
Wild Pitch!
Eric Delgado to third
2-0: Called Strike
2-1: Called Strike
2-2: Ground out 6-3 (Groundball, 6, EV 107.5 MPH)
Bottom of the 2nd over - 0 runs, 0 hits, 0 errors, 1 left on base; Los Angeles (NYP) 1 - Boise 7
TOP OF THE 3RD
Los Angeles (NYP) Dodgers batting - Pitching for Boise Hawks : LHP John Mandarino
Batting: RHB Mario Mejia 0-0: Ground out 6-3 (Groundball, 56, EV 93.8 MPH)
Batting: RHB Leo Cuellar 0-0: Foul Ball, location: 2F
0-1: Called Strike
0-2: Ball
1-2: Fly out, F5 (Popup, 5DF, EV 55.0 MPH)
Batting: SHB Chris Ackerson 0-0: Called Strike
0-1: Ball
1-1: Called Strike
1-2: Foul Ball, location: 2F
1-2: Ground out 6-3 (Groundball, 6, EV 101.3 MPH)
Top of the 3rd over - 0 runs, 0 hits, 0 errors, 0 left on base; Los Angeles (NYP) 1 - Boise 7
BOTTOM OF THE 3RD
Boise Hawks batting - Pitching for Los Angeles (NYP) Dodgers : RHP Willie Alvarado
Batting: LHB Zane Kelton 0-0: TRIPLE (Flyball, 78XD, EV 96.3 MPH)
Batting: RHB Matt Cone 0-0: Ball
1-0: Ball
2-0: Foul Ball, location: 2F
2-1: Ball
Wild Pitch!
Zane Kelton scores
3-1: Ground out 5-3 (Groundball, 56, EV 91.9 MPH)
Batting: LHB Greg Valenzuela 0-0: Ball
1-0: Ball
2-0: Foul Ball, location: 2F
2-1: Swinging Strike
2-2: Strikes out swinging
Batting: LHB Glenn Lowther 0-0: Ground out 4-3 (Groundball, 4, EV 80.6 MPH)
Bottom of the 3rd over - 1 run, 1 hit, 0 errors, 0 left on base; Los Angeles (NYP) 1 - Boise 8
TOP OF THE 4TH
Los Angeles (NYP) Dodgers batting - Pitching for Boise Hawks : LHP John Mandarino
Batting: LHB Kippy McGrath 0-0: Called Strike
0-1: Swinging Strike
0-2: Strikes out swinging
Batting: RHB Eddie Perry 0-0: Ball
1-0: Called Strike
1-1: Called Strike
1-2: Ball
2-2: Foul Ball, location: 2F
2-2: Ground out 5-3 (Groundball, 5S, EV 87.5 MPH)
Batting: LHB Bobby Gambrell 0-0: Called Strike
0-1: Swinging Strike
0-2: Ground out 6-3 (Groundball, 6M, EV 103.1 MPH)
Top of the 4th over - 0 runs, 0 hits, 0 errors, 0 left on base; Los Angeles (NYP) 1 - Boise 8
BOTTOM OF THE 4TH
Boise Hawks batting - Pitching for Los Angeles (NYP) Dodgers : RHP Willie Alvarado
Batting: RHB Henry Alvizo 0-0: Ball
1-0: Ball
2-0: Ball
3-0: Called Strike
3-1: Called Strike
3-2: Strikes out swinging
Batting: LHB Bill McGregor 0-0: Ball
1-0: Swinging Strike
1-1: Foul Ball, location: 2F
1-2: Foul Ball, location: 2F
1-2: Ball
2-2: Foul Ball, location: 2F
2-2: Foul Ball, location: 2F
2-2: DOUBLE (Line Drive, 7LD, EV 109.4 MPH)
Batting: RHB Ryan Rinaldi 0-0: Called Strike
0-1: Ball
Passed Ball!
Bill McGregor to third
1-1: Ball
Wild Pitch!
Bill McGregor scores
2-1: Called Strike
2-2: Ball
3-2: Foul Ball, location: 2F
3-2: Foul Ball, location: 2F
3-2: Foul Ball, location: 2F
3-2: Base on Balls
Pitching: LHP Melvin Fonseca
Batting: RHB Eric Delgado 0-0: Ball
1-0: Ball
2-0: Ball
3-0: Called Strike
3-1: Fly out, F9 (Flyball, 9, EV 86.9 MPH)
Batting: SHB Jamie Locke 0-0: SINGLE (Groundball, P, EV 83.1 MPH) (infield hit)
Ryan Rinaldi to second
Batting: LHB Zane Kelton 0-0: Ball
1-0: Ball
Wild Pitch!
Ryan Rinaldi to third
Jamie Locke to second
2-0: Called Strike
2-1: Ball
3-1: Base on Balls
Batting: RHB Matt Cone 0-0: Ball
Passed Ball!
Ryan Rinaldi scores
Jamie Locke to third
Zane Kelton to second
1-0: Ground out U3 (Groundball, 3S, EV 90.6 MPH)
Bottom of the 4th over - 2 runs, 2 hits, 0 errors, 2 left on base; Los Angeles (NYP) 1 - Boise 10
TOP OF THE 5TH
Los Angeles (NYP) Dodgers batting - Pitching for Boise Hawks : LHP John Mandarino
Batting: LHB Fernando Amaya 0-0: Called Strike
0-1: Called Strike
0-2: Strikes out swinging
Batting: LHB Stephen Van Raalte 0-0: Foul Ball, location: 2F
0-1: Ball
1-1: Foul Ball, location: 2F
1-2: Strikes out swinging passed ball, reaches first!
Batting: RHB Jonathan Quijada 0-0: Foul Ball, location: 2F
0-1: Ball
1-1: Ball
2-1: Fly out, F7 (Flyball, 78S, EV 76.9 MPH)
Batting: RHB Mario Mejia 0-0: Called Strike
0-1: Ball
1-1: Ball
2-1: Foul Ball, location: 2F
2-2: Foul Ball, location: 2F
2-2: SINGLE (Line Drive, 78S, EV 88.1 MPH)
Stephen Van Raalte to second
Batting: RHB Leo Cuellar 0-0: Called Strike
0-1: Swinging Strike
0-2: Ball
1-2: Strikes out swinging
Top of the 5th over - 0 runs, 1 hit, 0 errors, 2 left on base; Los Angeles (NYP) 1 - Boise 10
BOTTOM OF THE 5TH
Boise Hawks batting - Pitching for Los Angeles (NYP) Dodgers : LHP Melvin Fonseca
Batting: LHB Greg Valenzuela 0-0: Swinging Strike
0-1: Ball
1-1: Called Strike
1-2: Ground out U3 (Groundball, 3S, EV 63.8 MPH)
Batting: LHB Glenn Lowther 0-0: Swinging Strike
0-1: Fly out, F7 (Flyball, 7D, EV 100.0 MPH)
Batting: RHB Henry Alvizo 0-0: Ball
1-0: Swinging Strike
1-1: Ball
2-1: Ball
3-1: Swinging Strike
3-2: Strikes out swinging
Bottom of the 5th over - 0 runs, 0 hits, 0 errors, 0 left on base; Los Angeles (NYP) 1 - Boise 10
TOP OF THE 6TH
Los Angeles (NYP) Dodgers batting - Pitching for Boise Hawks : LHP John Mandarino
Batting: SHB Chris Ackerson 0-0: Ball
1-0: Swinging Strike
1-1: Swinging Strike
1-2: Ball
2-2: SOLO HOME RUN (Flyball, 7LD, EV 87.5 MPH), Distance : 326 ft
Pitching: LHP Su-wu Pi
Batting: LHB Kippy McGrath 0-0: Called Strike
0-1: Foul Ball, location: 2F
0-2: Foul Ball, location: 2F
0-2: Ball
1-2: Ball
2-2: Ground out 6-3 (Groundball, 56, EV 79.4 MPH)
Batting: RHB Eddie Perry 0-0: Ball
1-0: Foul Ball, location: 2F
1-1: Ball
2-1: Ball
3-1: SOLO HOME RUN (Flyball, 8RXD, EV 108.1 MPH), Distance : 434 ft
Batting: LHB Bobby Gambrell 0-0: Ball
1-0: Foul Ball, location: 2F
1-1: Foul Ball, location: 2F
1-2: Ball
2-2: Foul Ball, location: 2F
2-2: Foul Ball, location: 2F
2-2: Foul Ball, location: 2F
2-2: Ground out 6-3 (Groundball, 56, EV 104.4 MPH)
Batting: LHB Fernando Amaya 0-0: Ball
1-0: Foul Ball, location: 2F
1-1: Ball
2-1: Called Strike
2-2: Strikes out swinging
Top of the 6th over - 2 runs, 2 hits, 0 errors, 0 left on base; Los Angeles (NYP) 3 - Boise 10
BOTTOM OF THE 6TH
Boise Hawks batting - Pitching for Los Angeles (NYP) Dodgers : LHP Melvin Fonseca
Batting: LHB Bill McGregor 0-0: Fly out, F7 (Flyball, 78S, EV 95.0 MPH)
Batting: RHB Ryan Rinaldi 0-0: Foul Ball, location: 2F
0-1: Called Strike
0-2: Ball
1-2: Foul Ball, location: 2F
1-2: Ball
2-2: Foul Ball, location: 2F
2-2: Strikes out swinging
Batting: RHB Eric Delgado 0-0: Ball
1-0: Ground out 3-1 (Groundball, 34S, EV 79.4 MPH)
Bottom of the 6th over - 0 runs, 0 hits, 0 errors, 0 left on base; Los Angeles (NYP) 3 - Boise 10
TOP OF THE 7TH
Los Angeles (NYP) Dodgers batting - Pitching for Boise Hawks : LHP Su-wu Pi
Batting: LHB Stephen Van Raalte 0-0: Ball
1-0: DOUBLE (Line Drive, 89M, EV 106.3 MPH)
Batting: RHB Jonathan Quijada 0-0: Swinging Strike
0-1: Swinging Strike
0-2: Strikes out looking
Batting: RHB Mario Mejia 0-0: Ball
1-0: Ball
2-0: Ball
3-0: Base on Balls
Batting: RHB Leo Cuellar 0-0: Swinging Strike
0-1: Swinging Strike
0-2: Ball
Wild Pitch!
Stephen Van Raalte to third
Mario Mejia to second
1-2: Strikes out swinging
Batting: SHB Chris Ackerson 0-0: Ground out U3 (Groundball, 34S, EV 64.4 MPH)
Top of the 7th over - 0 runs, 1 hit, 0 errors, 2 left on base; Los Angeles (NYP) 3 - Boise 10
BOTTOM OF THE 7TH
Boise Hawks batting - Pitching for Los Angeles (NYP) Dodgers : LHP Melvin Fonseca
Batting: SHB Jamie Locke 0-0: Called Strike
0-1: Ball
1-1: Called Strike
1-2: Strikes out swinging
Batting: LHB Zane Kelton 0-0: Ball
1-0: Ball
2-0: Fly out, F7 (Flyball, 78D, EV 89.4 MPH)
Batting: RHB Matt Cone 0-0: Ball
1-0: Ball
2-0: Called Strike
2-1: SINGLE (Flyball, 8RS, EV 86.9 MPH)
Batting: LHB Greg Valenzuela 0-0: Called Strike
Matt Cone steals 2nd base
0-1: SINGLE (Line Drive, 8RS, EV 95.0 MPH)
Matt Cone to third
Runner from 3rd tries for Home, SAFE, throw by CF to home
Batting: LHB Glenn Lowther 0-0: Called Strike
0-1: Ball
1-1: Ball
2-1: Fielders Choice at 2nd, 6-4 (Groundball, 6, EV 99.4 MPH)
Bottom of the 7th over - 1 run, 2 hits, 0 errors, 1 left on base; Los Angeles (NYP) 3 - Boise 11
TOP OF THE 8TH
Los Angeles (NYP) Dodgers batting - Pitching for Boise Hawks : LHP Su-wu Pi
Batting: LHB Kippy McGrath 0-0: Ball
1-0: Called Strike
1-1: Swinging Strike
1-2: Strikes out swinging, 2-3 out at first.
Batting: RHB Eddie Perry 0-0: Fly out, F8 (Flyball, 8LD, EV 85.0 MPH)
Batting: LHB Bobby Gambrell 0-0: Ground out 4-3 (Groundball, 4, EV 85.6 MPH)
Top of the 8th over - 0 runs, 0 hits, 0 errors, 0 left on base; Los Angeles (NYP) 3 - Boise 11
BOTTOM OF THE 8TH
Boise Hawks batting - Pitching for Los Angeles (NYP) Dodgers : LHP Melvin Fonseca
Pitching: RHP Cody Bryant
Batting: RHB Henry Alvizo 0-0: Ball
1-0: Ball
2-0: SINGLE (Groundball, 34, EV 100.0 MPH)
Batting: LHB Bill McGregor 0-0: Called Strike
0-1: Swinging Strike
0-2: Strikes out swinging
Batting: RHB Ryan Rinaldi 0-0: Foul Ball, location: 2F
0-1: Ball
Wild Pitch!
Henry Alvizo to second
1-1: Foul Ball, location: 2F
1-2: Hit by Pitch
Batting: RHB Eric Delgado 0-0: Ball
1-0: Called Strike
1-1: Fly out, F5 (Popup, 56, EV 70.0 MPH)
Batting: SHB Jamie Locke 0-0: Ball
1-0: Ball
Passed Ball!
Henry Alvizo to third
Ryan Rinaldi to second
2-0: Ball
3-0: Base on Balls
Batting: LHB Zane Kelton 0-0: Foul Ball, location: 2F
0-1: Fly out, F5 (Popup, 56, EV 70.0 MPH)
Bottom of the 8th over - 0 runs, 1 hit, 0 errors, 3 left on base; Los Angeles (NYP) 3 - Boise 11
TOP OF THE 9TH
Los Angeles (NYP) Dodgers batting - Pitching for Boise Hawks : LHP Su-wu Pi
Batting: LHB Fernando Amaya 0-0: Ball
1-0: Ball
2-0: Called Strike
2-1: Ground out 4-3 (Groundball, 4M, EV 106.3 MPH)
Batting: LHB Stephen Van Raalte 0-0: Foul Ball, location: 2F
0-1: Called Strike
0-2: Strikes out swinging
Batting: RHB Jonathan Quijada 0-0: Ball
1-0: Swinging Strike
1-1: Called Strike
1-2: Ball
2-2: Strikes out swinging
Top of the 9th over - 0 runs, 0 hits, 0 errors, 0 left on base; Los Angeles (NYP) 3 - Boise 11
Thursday, March 31st , 2022 - OOTP Baseball 22.12 Build 89